 Dungeon Crawl Stone Soup version 0.30.1-4-g462c640d31 (webtiles) character file.

Game seed: 10895635576667370910

94 Bobit the Grasshopper (level 4, -1/38 HPs)
             Began as a Gnoll Warper on Aug 15, 2023.
             Succumbed to a scorpion's poison
             ... on level 4 of the Dungeon.
             The game lasted 00:05:16 (2764 turns).

Bobit the Grasshopper (Gnoll Warper)                Turns: 2764, Time: 00:05:16

Health: -1/38      AC:  4    Str: 10    XL:     4   Next: 63%
Magic:  1/11       EV: 10    Int: 13    God:
Gold:   150        SH:  7    Dex: 13    Spells: 3/13 levels left

rFire   + . .        a - +0 falchion
rCold   . . .        w - +0 kite shield
rNeg    . . .        b - +0 leather armour
rPois   .            (no helmet)
rElec   .            v - +0 cloak
rCorr   .            (no gloves)
SInv    .            (no boots)
Will    .....        (no amulet)
Stlth   +            m - ring of protection from fire
HPRegen 0.26/turn    (no ring)
MPRegen 0.12/turn

%: no passive effects
@: lethally poisoned (-1 -> -22), on blink cooldown, very slightly contaminated
A: fangs 1, strong nose, distributed training
a: no special abilities


You were on level 4 of the Dungeon.
You visited 1 branch of the dungeon, and saw 4 of its levels.

You collected 150 gold pieces.

Inventory:

Hand Weapons
 a - a +0 falchion (weapon)
Missiles
 d - 7 boomerangs of dispersal (quivered)
 j - 3 boomerangs
Armour
 b - a +0 leather armour (worn)
 v - a +0 cloak (worn)
 w - a +0 kite shield (worn)
Jewellery
 m - a ring of protection from fire (left hand)
 y - a ring of protection from cold
Scrolls
 c - 2 scrolls of blinking
 f - 3 scrolls of magic mapping {unknown}
 g - a scroll of identify {unknown}
 h - a scroll of enchant armour {unknown}
 l - a scroll of torment {unknown}
 o - a scroll of vulnerability {unknown}
 p - a scroll of enchant weapon {unknown}
 r - a scroll of fear {unknown}
 s - 2 scrolls of teleportation {unknown}
 u - 2 scrolls of poison {unknown}
 x - a scroll of amnesia {unknown}
Potions
 e - a potion of degeneration {unknown}
 i - a potion of brilliance {unknown}
 k - a potion of heal wounds {unknown}
 n - a potion of resistance {unknown}
 q - 4 potions of attraction {unknown}
 t - a potion of berserk rage {unknown}


   Skills:
 + Level 4.7 Fighting
 + Level 1.2 Short Blades
 + Level 4.7 Long Blades
 + Level 1.2 Axes
 + Level 1.2 Maces & Flails
 + Level 1.2 Polearms
 + Level 1.2 Staves
 + Level 1.2 Ranged Weapons
 + Level 2.8 Throwing
 + Level 2.8 Armour
 + Level 4.7 Dodging
 + Level 1.2 Stealth
 + Level 1.2 Shields
 + Level 1.2 Unarmed Combat
 + Level 5.1 Spellcasting
 + Level 1.0 Conjurations
 + Level 1.0 Hexes
 + Level 1.0 Summonings
 + Level 1.0 Necromancy
 + Level 5.5 Translocations
 + Level 1.0 Transmutations
 + Level 1.0 Fire Magic
 + Level 1.0 Ice Magic
 + Level 1.0 Air Magic
 + Level 1.0 Earth Magic
 + Level 1.0 Poison Magic
 + Level 1.4 Invocations
 + Level 1.2 Evocations


You had 3 spell levels left.
You knew the following spells:

 Your Spells              Type           Power      Damage    Failure   Level
a - Blink                 Tloc           34%        N/A       21%         2
b - Lesser Beckoning      Tloc           34%        N/A       21%         2
c - Teleport Other        Tloc           17%        N/A       38%         3
d - Vhi's Electric Charg  Tloc/Air       22%        N/A       71%         3

Your spell library contained the following spells:

 Spells                   Type           Power      Damage    Failure   Level
 Apportation              Tloc           34%        N/A       14%         1
 Necrotise                Necr           24%        1d5       63%         1
 Summon Small Mammal      Summ           24%        N/A       63%         1
 Manifold Assault         Tloc           17%        N/A       80%         4


Dungeon Overview and Level Annotations

Branches:
Dungeon (4/15)
 Temple: D:4-7

Altars:
Elyvilon

Shops:
D:2 *

Annotations:
D:3 1 runed translucent door, Crazy Yiuf


Innate Abilities, Weirdness & Mutations

You have very sharp teeth.
Your uncanny sense of smell can sniff out nearby items.
Your experience applies equally to all skills.


Message History

The scorpion attacks as you move away! The scorpion barely misses you.
You hear the slow rusting of a very distant drain.
You see here a hobgoblin corpse.
The scorpion attacks as you move away! You block the scorpion's attack.
You feel stable enough to blink again. The scorpion attacks as you move away!
The scorpion stings you.
Your magical contamination has completely faded away.
Casting: Blink (safe; 21% risk of failure)
Confirm with . or Enter, or press ? or * to list all spells.
You blink.
Casting: Blink (safe; 21% risk of failure)
Confirm with . or Enter, or press ? or * to list all spells.
You are still too unstable to blink.
You feel stable enough to blink again.
Casting: Blink (safe; 21% risk of failure)
Confirm with . or Enter, or press ? or * to list all spells.
You blink.
The scorpion attacks as you move away! You block the scorpion's attack.
You see here a jackal corpse.
You feel stable enough to blink again. The scorpion stings you!
* * * LOW HITPOINT WARNING * * *
You are lethally poisoned!
The scorpion poisons you!
Casting: Blink (safe; 21% risk of failure)
Confirm with . or Enter, or press ? or * to list all spells.
You miscast Blink.
You are very lightly contaminated with residual magic.
Nothing appears to happen.
* * * LOW HITPOINT WARNING * * *
You feel very sick. The scorpion stings you.
* * * LOW HITPOINT WARNING * * *
You are more poisoned.
The scorpion poisons you!
Unknown command.
Casting: Blink (safe; 21% risk of failure)
Confirm with . or Enter, or press ? or * to list all spells.
You blink.
You die...

.. .. ###.#####
##.#.#.#.##
#.........
###.......##
#........@.#
<#.#.......##
......>...[.#
.###.......###
.............#
####.#.#§#.#.#
#.####s.##.#
##+###....†..##.###
##...#######†......#


You could see a scorpion.

Vanquished Creatures
  An adder (D:2)
  A dart slug (D:2)
  5 ball pythons
  6 bats
  6 endoplasms
  5 giant cockroaches
  3 goblins (D:1)
  12 hobgoblins
  14 jackals
  2 quokkas
  4 frilled lizards
  5 kobolds
  5 rats
69 creatures vanquished.

Notes
Turn   | Place    | Note
-------+----------+-------------------------------------------
     0 | D:1      | Bobit the Gnoll Warper began the quest for the Orb.
     0 | D:1      | Reached XP level 1. HP: 20/20 MP: 6/6
    79 | D:1      | Reached XP level 2. HP: 12/26 MP: 7/7
   236 | D:1      | Learned a level 2 spell: Blink
   288 | D:1      | Reached skill level 5 in Spellcasting
   288 | D:1      | Reached XP level 3. HP: 18/31 MP: 7/9
   291 | D:1      | Learned a level 2 spell: Lesser Beckoning
   295 | D:1      | Learned a level 3 spell: Teleport Other
   299 | D:1      | Learned a level 3 spell: Vhi's Electric Charge
   510 | D:1      | Reached skill level 1 in Invocations
   893 | D:1      | Reached skill level 1 in Short Blades
   893 | D:1      | Reached skill level 1 in Axes
   893 | D:1      | Reached skill level 1 in Maces & Flails
   893 | D:1      | Reached skill level 1 in Polearms
   893 | D:1      | Reached skill level 1 in Staves
   893 | D:1      | Reached skill level 1 in Ranged Weapons
   893 | D:1      | Reached skill level 1 in Stealth
   893 | D:1      | Reached skill level 1 in Shields
   893 | D:1      | Reached skill level 1 in Unarmed Combat
   893 | D:1      | Reached skill level 1 in Evocations
  1143 | D:2      | Found Timays's Assorted Antiques.
  1271 | D:2      | Reached XP level 4. HP: 33/38 MP: 11/11
  1874 | D:3      | Found a white marble altar of Elyvilon.
  2027 | D:3      | Reached skill level 1 in Conjurations
  2027 | D:3      | Reached skill level 1 in Hexes
  2027 | D:3      | Reached skill level 1 in Summonings
  2027 | D:3      | Reached skill level 1 in Necromancy
  2027 | D:3      | Reached skill level 1 in Transmutations
  2027 | D:3      | Reached skill level 1 in Fire Magic
  2027 | D:3      | Reached skill level 1 in Ice Magic
  2027 | D:3      | Reached skill level 1 in Air Magic
  2027 | D:3      | Reached skill level 1 in Earth Magic
  2027 | D:3      | Reached skill level 1 in Poison Magic
  2315 | D:3      | Found a runed translucent door.
  2316 | D:3      | Noticed Crazy Yiuf
  2730 | D:4      | Noticed a scorpion
  2764 | D:4      | Succumbed to a scorpion's poison

Illustrated notes

Levels and vault maps discovered:
D:1:      psy_arrival_fountain, layout_basic
D:2:      layout_basic, serial_shops, nicolae_shop_peninsula
D:3:      layout_basic, elyvilon_altar_5, uniq_crazy_yiuf_cottage
D:4:      layout_loops_corners, kennysheep_mini, temple_green, serial_shops,
          shop, kennysheep_little_box, shop, shop, portal_sewer_entry_d,
          st_stairs_4, minmay_misc_feat_tower

Skill      XL: |  1  2  3  4 |
---------------+-------------+-----
Spellcasting   | 5 |  5.1
Invocations    | 1 |  1.4
Short Blades   | 1 |  1.2
Axes           | 1 |  1.2
Maces & Flails | 1 |  1.2
Polearms       | 1 |  1.2
Staves         | 1 |  1.2
Ranged Weapons | 1 |  1.2
Stealth        | 1 |  1.2
Shields        | 1 |  1.2
Unarmed Combat | 1 |  1.2
Evocations     | 1 |  1.2
Conjurations   | 1 |  1.0
Hexes          | 1 |  1.0
Summonings     | 1 |  1.0
Necromancy     | 1 |  1.0
Transmutations | 1 |  1.0
Fire Magic     | 1 |  1.0
Ice Magic      | 1 |  1.0
Air Magic      | 1 |  1.0
Earth Magic    | 1 |  1.0
Poison Magic   | 1 |  1.0
Fighting       | |  4.7
Long Blades    | |  4.7
Throwing       | |  2.8
Armour         | |  2.8
Dodging        | |  4.7
Translocations | |  5.5

Action                     |  1- 3 |  4- 6 || total
---------------------------+-------+-------++-------
  Melee: Falchion          |   169 |    94 ||   263
         Bite              |     8 |     7 ||    15
         Punch             |     1 |       ||     1
   Cast: Blink             |     1 |     4 ||     5
 Armour: Leather armour    |    62 |    19 ||    81
  Dodge: Dodged            |   133 |    55 ||   188
  Block: Kite shield       |       |    21 ||    21
